[Event "Late-Titled-Tuesday-Blitz-January-16-2024"]
[Site "Chess.com"]
[Date "2024.01.16"]
[Round "3"]
[White "adic2020"]
[Black "IraZyne"]
[Result "1-0"]
[WhiteElo "2430"]
[BlackElo "2248"]
[TimeControl "180+1"]
[EndTime "14:27:03 PST"]
[Termination "adic2020 won on time"]

1. e4 Nf6 2. e5 Nd5 3. d4 d6 4. c4 Nb6 5. exd6 exd6 6. Nc3 Be7 7. Bd3 O-O 8. Nge2 Bg4 9. O-O c6 10. h3 Bh5 11. Qc2 Bg6 12. Nf4 Bxd3 13. Qxd3 d5 14. c5 Nc8 15. Re1 Bf6 16. Nh5 Nd7 17. Bf4 Ne7 18.
Bd6 Re8 19. Re2 Ng6 20. Rae1 Rxe2 21. Rxe2 Ndf8 22. f4 Be7 23. Bxe7 Nxe7 24. f5 Nd7 25. Re3 Kh8 26. Ne2 Ng8 27. Rg3 g6 28. Nhf4 Qf6 29.
fxg6 fxg6 30. Rf3 Re8 31. Nxd5 Qg7 32. Ndf4 1-0

[Event "Late-Titled-Tuesday-Blitz-January-16-2024"]
[Site "Chess.com"]
[Date "2024.01.16"]
[Round "3"]
[White "Polish_fighter3000"]
[Black "Byniolus"]
[Result "1-0"]
[WhiteElo "3098"]
[BlackElo "2748"]
[TimeControl "180+1"]
[EndTime "14:27:04 PST"]
[Termination "Polish_fighter3000 won by resignation"]

1. e4 d6 2. d4 Nf6 3. Nc3 e5 4. dxe5 dxe5 5. Qxd8+ Kxd8 6. Bc4 Be6 7. Bxe6 fxe6 8. f3 Bd6 9. Nh3 Ke7 10. Nf2 Nc6 11.
Ncd1 Nb4 12. Ne3 Bc5 13. a3 Bxe3 14. axb4 Bxf2+ 15. Kxf2 a6 16. Bd2 Rhf8 17. Ke2 Nd7 18. Ra5 h6 19. h4 Kf6 20. Bc3 c6 21. Ke3 Rad8 22. h5 Ke7 23. b3 Rg8 24. Rd1 Nf6 25.
Rh1 Nd7 26. Bb2 g6 27. hxg6 Rxg6 28. g4 Rf8 29. Rh3 Rf7 30. Ra1 Rf8 31. Ba3 Rf7 32. b5+ Kf6 33. bxa6 bxa6 34. Bd6 Rg8 35. Rxh6+ Kg7 36.
Rxe6 Rh8 37. Rxe5 Rh3 38. Rg5+ Kh6 39. Rf5 Nf6 40. g5+ 1-0

[Event "Late-Titled-Tuesday-Blitz-January-16-2024"]
[Site "Chess.com"]
[Date "2024.01.16"]
[Round "3"]
[White "BardArtem"]
[Black "HalfIsCrayfish"]
[Result "1-0"]
[WhiteElo "2819"]
[BlackElo "2605"]
[TimeControl "180+1"]
[EndTime "14:27:04 PST"]
[Termination "BardArtem won by resignation"]

1. e4 c6 2. d4 d5 3. e5 c5 4. dxc5 e6 5. Qg4 h5 6. Qf4 Bxc5 7. Bd3 Nc6 8. Nf3 Bd7 9. O-O Nb4 10. Qg3 Kf8 11.
Nc3 Nh6 12. Bg5 Be7 13. h4 Rc8 14. Ne2 Nxc2 15. Rac1 Nb4 16. Rxc8 Bxc8 17. Bb1 Nc6 18. Nf4 Ng4 19. Nxh5 Bxg5 20. Nxg5 Rxh5 21. Qxg4 Rh6 22. f4 Kg8 23. Kh2 Bd7 24. Rf3 Qb6 25. Rg3 g6 26.
Nxf7 Kxf7 27. Bxg6+ Kf8 28. Qg5 Rxh4+ 29. Qxh4 Ne7 30.
Qf6+ 1-0

[Event "Late-Titled-Tuesday-Blitz-January-16-2024"]
[Site "Chess.com"]
[Date "2024.01.16"]
[Round "3"]
[White "AradNazari"]
[Black "Langua_Chess"]
[Result "1-0"]
[WhiteElo "2628"]
[BlackElo "2455"]
[TimeControl "180+1"]
[EndTime "14:27:04 PST"]
[Termination "AradNazari won on time"]

1. g4 h5 2. g5 g6 3. h4 Bg7 4. Bh3 b6 5. e4 Bb7 6. d3 d5 7. f3 Nd7 8. Nc3 e6 9. Nge2 Ne7 10. Bf4 a6 11. Qd2 c5 12. exd5 Nxd5 13. Nxd5 Bxd5 14.
O-O-O Ne5 15. Nc3 Nxf3 16. Qf2 Bd4 17. Be3 Bc6 18. Bg2 Bxe3+ 19. Qxe3 Qd4 20. Qxd4 Nxd4 21. Bxc6+ Nxc6 22. Ne4 O-O 23. Nf6+ Kg7 24. Nd7 Rfd8 25. Nxb6 Rd4 26. c3 Rf4 27. Rdf1 Rxf1+ 28. Rxf1 Ne5 29.
Kc2 Rd8 30. Rd1 Nf3 31. Rh1 Ne5 32. Rh3 f6 33. gxf6+ Kxf6 34. a3 Kf5 35. b4 cxb4 36. axb4 Rd6 37. Nc4 Nxc4 38. dxc4 Kg4 39. c5 Rc6 40.
Rh1 g5 41. hxg5 Kxg5 42. Kd3 Kg4 43. Ke4 h4 44. Rg1+ Kh3 45. Rg5 Kh2 46. c4 h3 47. b5 axb5 48. cxb5 Rc8 49. c6 Kh1 50. Ke5 h2 51. Rh5 Kg1 52. Kxe6 1-0

[Event "Late-Titled-Tuesday-Blitz-January-16-2024"]
[Site "Chess.com"]
[Date "2024.01.16"]
[Round "3"]
[White "Jarrahi2452"]
[Black "GlavkonVVS"]
[Result "1-0"]
[WhiteElo "2623"]
[BlackElo "2447"]
[TimeControl "180+1"]
[EndTime "14:27:05 PST"]
[Termination "Jarrahi2452 won by checkmate"]

1. d4 Nf6 2. Bf4 e6 3. e3 b6 4. Nf3 Bb7 5. Nbd2 Be7 6. h3 O-O 7. Bd3 d6 8. c3 Nbd7 9. O-O Re8 10. a4 a6 11. Bh2 Bf8 12. e4 e5 13. Re1 g6 14. b4 Bh6 15. Qb1 Nh5 16. g3 Rb8 17. b5 a5 18. Bc4 Qe7 19. Qb3 Rf8 20. Bd5 Bc8 21. Rad1 Nhf6 22. c4 exd4 23. Nxd4 Nc5 24.
Qf3 Bd7 25. g4 Rbe8 26. e5 dxe5 27. Rxe5 Qd8 28. Rxe8 Rxe8 29. Bc6 Bxd2 30. Rxd2 Bxc6 31. Qxc6 Re1+ 32. Kg2 Nfe4 33. Re2 Qxd4 34. Qe8+ Kg7 35. Be5+ f6 36. Bxd4 Rxe2 37. Qe7+ Kg8 38. h4 Nd3 39. Be3 Nexf2 40. Qe8+ Kg7 41. Bh6+ Kxh6 42. Qf8# 1-0

[Event "Late-Titled-Tuesday-Blitz-January-16-2024"]
[Site "Chess.com"]
[Date "2024.01.16"]
[Round "3"]
[White "Petukhov_Dmitry"]
[Black "mr_gustavo"]
[Result "1-0"]
[WhiteElo "2531"]
[BlackElo "2737"]
[TimeControl "180+1"]
[EndTime "14:27:06 PST"]
[Termination "Petukhov_Dmitry won on time"]

1. e4 d5 2. exd5 Qxd5 3. c4 Qd8 4. d4 Nf6 5. Nc3 g6 6. Nf3 Bg7 7. Be2 O-O 8. O-O c6 9. Re1 Bg4 10. h3 Bxf3 11. Bxf3 Nbd7 12. Bf4 Ne8 13. b3 Nd6 14. Qd2 Re8 15. Rad1 Nf5 16. d5 c5 17. d6 exd6 18. Nb5 Ne5 19. Bxb7 Rb8 20. Be4 Nd4 21. Nxd4 cxd4 22.
Bd5 Qf6 23. Kh1 Nd3 24. Bg5 Nxf2+ 25. Kg1 Qf5 26. Rxe8+ Rxe8 27. Qxf2 Qd7 28. Bf6 Bh6 29. Bxd4 Bg5 30. Rf1 Rf8 31. Kh1 Bd8 32. Bb2 Qe7 33. Qd4 Qe5 34. Qxe5 dxe5 35. Bxe5 Bb6 36. Bd6 1-0

[Event "Late-Titled-Tuesday-Blitz-January-16-2024"]
[Site "Chess.com"]
[Date "2024.01.16"]
[Round "3"]
[White "Bkmzzzzz"]
[Black "roxannyzoldyck"]
[Result "0-1"]
[WhiteElo "2388"]
[BlackElo "2216"]
[TimeControl "180+1"]
[EndTime "14:27:07 PST"]
[Termination "roxannyzoldyck won by resignation"]

1. e4 c5 2. Nf3 d6 3. d4 cxd4 4.
Qxd4 Nc6 5. Bb5 a6 6. Bxc6+ bxc6 7. c4 Nf6 8. Nc3 g6 9. e5 c5 10. Qe3 Ng4 11. Qe2 Bg7 12. exd6 Qxd6 13. h3 Nf6 14. O-O O-O 15. Rd1 Qc7 16. Bg5 Bb7 17. Rd3 h6 18.
Bh4 Rad8 19. Rad1 Rxd3 20. Qxd3 e5 21. Bg3 Re8 22. b3 Nh5 23. Bh2 Qe7 24. Nd5 Bxd5 25.
Qxd5 e4 26. Re1 Nf6 27. Qd6 Qxd6 28. Bxd6 exf3 29. Rxe8+ Nxe8 30. Bxc5 fxg2 31. Kxg2 Bc3 32. Kf3 a5 33. Ke4 Kg7 34. Kd5 Kf6 35. Kc6 Ke5 36. Kb5 Nd6+ 37. Bxd6+ Kxd6 38. c5+ Kc7 39. Kc4 Bb4 40.
f3 Kc6 0-1

[Event "Late-Titled-Tuesday-Blitz-January-16-2024"]
[Site "Chess.com"]
[Date "2024.01.16"]
[Round "3"]
[White "aceontheturn"]
[Black "FairChess_on_YouTube"]
[Result "0-1"]
[WhiteElo "2759"]
[BlackElo "3099"]
[TimeControl "180+1"]
[EndTime "14:27:09 PST"]
[Termination "FairChess_on_YouTube won by checkmate"]

1. e4 e5 2. Nf3 Nc6 3. Bc4 Bc5 4. c3 Nf6 5. d3 d6 6. Nbd2 h6 7. Bb3 a5 8. h3 Ba7 9. Nf1 Ne7 10. Ng3 Ng6 11.
d4 O-O 12. O-O Re8 13. Re1 Be6 14. Be3 Qc8 15. Bxe6 Qxe6 16. dxe5 Nxe5 17. Bxa7 Rxa7 18. Nd4 Qd7 19. a4 Raa8 20. Qb3 b6 21. Rad1 Ng6 22. Qb5 Re5 23. Qxd7 Nxd7 24. Nb5 Rc8 25. Rd4 Nc5 26. Red1 Nf4 27. f3 Rg5 28. Kh2 Nfe6 29. Rc4 g6 30. Nf1 f5 31. exf5 gxf5 32. Ne3 Kf7 33.
f4 Rh5 34. Rd5 Kf6 35. g4 c6 36. gxh5 cxd5 37. Nxd5+ Kg7 38. Nxd6 Rd8 39. Nxf5+ Kh8 40. Nfe3 Nd3 41. f5 Ng5 42. Rc7 Rg8 43. Ng4 Re8 44.
Ndf6 Re2+ 45. Kg3 Re1 46. h4 Rg1+ 47. Kh2 Nf3+ 48. Kh3 Nf4# 0-1

[Event "Late-Titled-Tuesday-Blitz-January-16-2024"]
[Site "Chess.com"]
[Date "2024.01.16"]
[Round "3"]
[White "iwanyu"]
[Black "TigrVShlyape"]
[Result "1/2-1/2"]
[WhiteElo "2672"]
[BlackElo "2940"]
[TimeControl "180+1"]
[EndTime "14:27:09 PST"]
[Termination "Game drawn by repetition"]

1. d4 f5 2. Nc3 Nf6 3. Bg5 d5 4. e3 Be6 5. Nf3 Nbd7 6. Bf4 c6 7. Bd3 g6 8. O-O Bg7 9. Ne2 Ne4 10. Rc1 O-O 11. c4 Qb6 12. b3 a5 13. cxd5 Bxd5 14. Nd2 Nxd2 15. Qxd2 e5 16. dxe5 Nxe5 17. Nc3 Bf7 18. Na4 Qb4 19. Rfd1 Qxd2 20. Rxd2 Rad8 21. Rcd1 Bf6 22. Be2 Rxd2 23. Rxd2 g5 24. Bg3 Re8 25. Bf1 h5 26. h3 h4 27. Bh2 Kg7 28. Nc5 Re7 29.
Rd1 Bd5 30. Be2 Kg6 31. f4 gxf4 32. Bxf4 Bg5 33. Kf2 Bxf4 34. exf4 Nf7 35. Bf3 Bxf3 36. Kxf3 Kf6 37. Nd7+ Ke6 38. Nc5+ Kf6 39. Nd7+ Ke6 40. Nc5+ Kf6 1/2-1/2

[Event "Late-Titled-Tuesday-Blitz-January-16-2024"]
[Site "Chess.com"]
[Date "2024.01.16"]
[Round "3"]
[White "MikaelyanArman"]
[Black "Piotrek1979"]
[Result "1/2-1/2"]
[WhiteElo "2852"]
[BlackElo "2415"]
[TimeControl "180+1"]
[EndTime "14:27:09 PST"]
[Termination "Game drawn by repetition"]

1. d4 Nf6 2. c4 e6 3. Nf3 d5 4.
Nc3 dxc4 5. e3 a6 6. Bxc4 b5 7. Be2 Bb7 8. O-O Nbd7 9. b3 Bd6 10. Bb2 O-O 11. Rc1 c5 12. dxc5 Nxc5 13. b4 Nce4 14.
Nxe4 Nxe4 15. Qd4 Qf6 16. Rfd1 Rfd8 17. Qxf6 gxf6 18. a3 Kf8 19. Nd4 Be7 20. f3 Nd6 21. Nc6 Bxc6 22. Rxc6 Nf5 23. Kf2 Rxd1 24. Bxd1 Rd8 25.
Ke2 Nxe3 26. Kxe3 Rxd1 27. Rxa6 Re1+ 28. Kf2 Rb1 29. Bd4 Rb3 30. Ra7 h5 31. Kg3 Rd3 32. Bb6 f5 33. Kf2 Rd2+ 34. Kf1 h4 35. Be3 Ra2 36.
h3 Ra1+ 37. Kf2 Ra2+ 38. Kf1 Ra1+ 39. Ke2 Ra2+ 40. Kf1 1/2-1/2

[Event "Late-Titled-Tuesday-Blitz-January-16-2024"]
[Site "Chess.com"]
[Date "2024.01.16"]
[Round "3"]
[White "Malev212"]
[Black "wanyaland"]
[Result "1-0"]
[WhiteElo "2644"]
[BlackElo "2473"]
[TimeControl "180+1"]
[EndTime "14:27:09 PST"]
[Termination "Malev212 won on time"]

1. e4 c5 2. Nf3 e6 3. c3 Nf6 4. e5 Nd5 5. d4 cxd4 6. cxd4 Qc7 7. Nc3 Nxc3 8. bxc3 Qxc3+ 9. Bd2 Qa3 10. Bc4 Nc6 11.
O-O d5 12. exd6 Bxd6 13. Re1 Be7 14. Qe2 O-O 15. Qe4 Rd8 16. Rad1 Bf6 17. Ng5 g6 18. d5 exd5 19. Bxd5 Bf5 20. Bxf7+ Kg7 21. Qh4 h6 22. Ne6+ Kxf7 23. Nxd8+ Rxd8 24. Qxh6 Rh8 25. Qf4 Rc8 26. g4 1-0

[Event "Late-Titled-Tuesday-Blitz-January-16-2024"]
[Site "Chess.com"]
[Date "2024.01.16"]
[Round "3"]
[White "dorpato"]
[Black "Akhayan"]
[Result "0-1"]
[WhiteElo "2138"]
[BlackElo "2365"]
[TimeControl "180+1"]
[EndTime "14:27:09 PST"]
[Termination "Akhayan won by checkmate"]

1. e4 a6 2. d4 e6 3. Nf3 d5 4. e5 Bd7 5. Bd3 Bb5 6. O-O Ne7 7. b3 Bxd3 8. Qxd3 Nf5 9. Bb2 c5 10. c3 Nc6 11. Nbd2 cxd4 12. cxd4 Nb4 13. Qb1 Rc8 14.
Rc1 Be7 15. Bc3 O-O 16. a3 Nc6 17. Qb2 Na7 18. Nf1 Nb5 19. Ng3 Nxg3 20. hxg3 Qd7 21.
Bd2 h6 22. a4 Rxc1+ 23. Bxc1 Na7 24. Be3 Rc8 25. Rc1 Rc6 26. Ne1 Qc8 27. Rc2 Qf8 28. Nd3 Qc8 29. Rc1 Qf8 30. Rc2 Ba3 31. Qb1 Qc8 32. Rxc6 Qxc6 33. Qa2 Be7 34. Nc5 Bxc5 35.
dxc5 Nc8 36. Bd4 Ne7 37. b4 Nf5 38. Bb2 d4 39. Qb3 Qe4 40. b5 axb5 41. axb5 Qe1+ 42. Kh2 Qxf2 43. c6 bxc6 44. b6 Ne3 45. Kh3 Qxg2+ 46. Kh4 Qh2# 0-1

[Event "Late-Titled-Tuesday-Blitz-January-16-2024"]
[Site "Chess.com"]
[Date "2024.01.16"]
[Round "3"]
[White "Walter_White_Poland"]
[Black "RuleOfTwo"]
[Result "0-1"]
[WhiteElo "2343"]
[BlackElo "2577"]
[TimeControl "180+1"]
[EndTime "14:27:10 PST"]
[Termination "RuleOfTwo won on time"]

1. e4 e6 2. d4 d5 3. Nc3 Nf6 4. Bg5 dxe4 5. Nxe4 Be7 6. Bxf6 gxf6 7. Nf3 f5 8. Nc3 a6 9. d5 Bf6 10. dxe6 Bxc3+ 11. bxc3 Qxd1+ 12. Kxd1 fxe6 13. a4 Nc6 14. Nd4 Bd7 15. Bc4 Nxd4 16. cxd4 O-O-O 17. Re1 Rhe8 18. Re5 Kb8 19. c3 Bc6 20. g3 Bd5 21. Bxd5 Rxd5 22.
Rxd5 exd5 23. Kd2 a5 24. f3 c6 25. Rg1 Kc7 26. h4 b5 27. g4 fxg4 28. fxg4 bxa4 29.
g5 a3 30. h5 a2 31. g6 hxg6 32. hxg6 Rg8 33. Ra1 Rxg6 34. Kc2 Kb6 35. Kb3 Kb5 36.
Rxa2 Rg3 37. Rc2 a4+ 38. Ka3 Kc4 39. Kxa4 Rxc3 0-1

[Event "Late-Titled-Tuesday-Blitz-January-16-2024"]
[Site "Chess.com"]
[Date "2024.01.16"]
[Round "3"]
[White "Brahianzevich"]
[Black "PawnEatingZombie"]
[Result "1-0"]
[WhiteElo "2441"]
[BlackElo "2161"]
[TimeControl "180+1"]
[EndTime "14:27:10 PST"]
[Termination "Brahianzevich won on time"]

1. e4 e6 2. d4 d5 3. Nc3 Nf6 4. e5 Nfd7 5. Nce2 c5 6. c3 Nc6 7. a3 a5 8. Nf3 Be7 9. Nf4 Qb6 10. h4 h5 11. Rh3 a4 12. Rg3 g6 13. Qd3 Nf8 14. Rb1 Qb3 15. Be3 b6 16. Nd2 Qa2 17. Ne2 Ba6 18. Qc2 Bxe2 19. Bxe2 c4 20. Qc1 Na5 21.
Bd1 Nb3 22. Bxb3 axb3 23. Ra1 Qxa1 24. Qxa1 b5 25. Qc1 Bxh4 26. Rh3 Be7 27. g4 h4 28. g5 Nd7 29. f4 Nb6 30. Nb1 Na4 31. Ke2 Kd7 32. Kf3 Rh5 33. Kg4 Rah8 34. Nd2 Kc6 35.
Nf3 Bxa3 36. bxa3 b2 37. Qc2 Nxc3 38. Qxb2 Ne4 39. Nd2 1-0

[Event "Late-Titled-Tuesday-Blitz-January-16-2024"]
[Site "Chess.com"]
[Date "2024.01.16"]
[Round "3"]
[White "topce"]
[Black "agvega14"]
[Result "1-0"]
[WhiteElo "2361"]
[BlackElo "2129"]
[TimeControl "180+1"]
[EndTime "14:27:11 PST"]
[Termination "topce won by resignation"]

1. c4 e5 2. Nc3 Nc6 3. Nf3 Bc5 4. e3 d6 5. d4 exd4 6. exd4 Bb6 7. h3 h6 8. b4 a6 9. c5 Ba7 10. a3 Nf6 11.
Bb2 O-O 12. Be2 Re8 13. O-O Bf5 14. Bc4 d5 15. Bb3 Ne7 16. Ne5 c6 17. f4 Bb8 18.
g4 Be4 19. Re1 Bh7 20. f5 Nd7 21. Nxd7 Qxd7 22. Qf3 Bc7 23. Re2 Kh8 24. Rae1 Ng8 25. Bc2 Nf6 26. Bc1 Rxe2 27. Rxe2 Re8 28. Kg2 Re7 29. Bf4 Bxf4 30. Qxf4 Rxe2+ 31. Nxe2 Qe8 32. Kf2 Qe7 33. Bd3 Ng8 34. Qe5 f6 35. Qb8 h5 36. Nf4 h4 37. a4 Qd7 38. Qd6 Qe7 39. Ng2 Nh6 40. Qxe7 1-0

[Event "Late-Titled-Tuesday-Blitz-January-16-2024"]
[Site "Chess.com"]
[Date "2024.01.16"]
[Round "3"]
[White "IPAchess"]
[Black "campochess"]
[Result "1-0"]
[WhiteElo "2370"]
[BlackElo "2141"]
[TimeControl "180+1"]
[EndTime "14:27:12 PST"]
[Termination "IPAchess won by resignation"]

1. d4 c5 2. d5 Nf6 3. Nc3 g6 4. e4 d6 5. Be2 a6 6. a4 Bg7 7.
Nf3 Nfd7 8. O-O O-O 9. Re1 Re8 10. Bg5 h6 11. Be3 e5 12. dxe6 Rxe6 13. Bc4 Re8 14.
Qxd6 Nc6 15. Rad1 Qf6 16. Qxf6 Nxf6 17. Bxc5 Be6 18. Bxe6 Rxe6 19. Nd4 Nxd4 20. Bxd4 Rae8 21. f3 Nh7 22. Bxg7 Kxg7 23. Rd7 R8e7 24. Red1 Nf8 25. Rxe7 Rxe7 26. Rd8 Ne6 27. Rd6 Rc7 28. Kf2 Rc4 29. Rb6 Nc5 30. Ke2 Nxa4 31. Nxa4 Rxa4 32.
Rxb7 Kf6 33. Kd3 Ke6 34. c4 Ra1 35. Rb6+ Ke5 36. c5 f5 37. exf5 gxf5 38. Rxh6 Rd1+ 39. Kc2 Rf1 40. Rxa6 Rf2+ 41. Kc3 Rxg2 42. Rh6 Kf4 43. c6 Rg8 44. b4 Kxf3 45. b5 Ke4 46. Rf6 Ke5 47.
Rf7 Ke6 48. Rh7 f4 49. b6 f3 50. Rh3 Rf8 51. Rxf3 Rxf3+ 52. Kc4 Kd6 53. c7 Kd7 54. Kb5 Rb3+ 55. Ka6 Ra3+ 56. Kb7 Rc3 57. h4 1-0

[Event "Late-Titled-Tuesday-Blitz-January-16-2024"]
[Site "Chess.com"]
[Date "2024.01.16"]
[Round "3"]
[White "Trovita84"]
[Black "FredddieCroderg"]
[Result "0-1"]
[WhiteElo "2102"]
[BlackElo "2353"]
[TimeControl "180+1"]
[EndTime "14:27:12 PST"]
[Termination "FredddieCroderg won on time"]

1. e4 c6 2. Nf3 d5 3. exd5 cxd5 4. Ne5 Qb6 5. d4 Nc6 6. Nxc6 bxc6 7. c3 Ba6 8. Bd3 Bxd3 9. Qxd3 Qb5 10. Qxb5 cxb5 11. Nd2 e6 12. a4 b4 13. Nb3 Nf6 14. f3 Rb8 15. Na5 bxc3 16. bxc3 Rb6 17. Bf4 Be7 18. O-O O-O 19. Rab1 Rc8 20. Bd2 Bd8 21. Rxb6 axb6 22. Nb3 Ne8 23. Ra1 Nd6 24. Kf1 Nc4 25. Ke2 h5 26. h3 Kh7 27. Be1 Kg6 28. Nd2 Nd6 29.
Nb3 f6 30. Kd3 e5 31. Bf2 e4+ 32. Ke2 Rxc3 33. Nd2 f5 34. Bg3 Nc4 35. Nxc4 Rxc4 36. Ke3 Bg5+ 37. f4 Bf6 38. Rd1 Rxa4 39. Bf2 Ra3+ 40.
Ke2 Ra2+ 41. Ke1 b5 42. Rb1 Ra5 43. Kf1 Be7 44. Be1 b4 45. Rc1 Rb5 46. Rc6+ Kf7 47. Rc7 b3 48. Bh4 b2 49. Rxe7+ Kf8 0-1

[Event "Late-Titled-Tuesday-Blitz-January-16-2024"]
[Site "Chess.com"]
[Date "2024.01.16"]
[Round "3"]
[White "kai_nov"]
[Black "bazar-wokzal"]
[Result "0-1"]
[WhiteElo "2256"]
[BlackElo "2560"]
[TimeControl "180+1"]
[EndTime "14:27:13 PST"]
[Termination "bazar-wokzal won on time"]

1. d4 Nf6 2. c4 Nc6 3. Nf3 e6 4. Nc3 Bb4 5. Bg5 h6 6. Bh4 g5 7.
Bg3 Ne4 8. Qc2 d5 9. e3 h5 10.
h4 g4 11. Ng5 Nxg3 12. fxg3 Be7 13. Nh7 Nb4 14. Qb1 c5 15. a3 Nc6 16. dxc5 d4 17.
exd4 Qxd4 18. Nb5 Qe3+ 19. Be2 Qxg3+ 20. Kd1 Bxc5 21. Nf6+ Ke7 22. Ne4 Qxg2 23. Rf1 Rd8+ 24.
Ke1 Be3 25. Rxf7+ Kxf7 26. Ned6+ Kf8 27. Qg6 Qg3+ 28. Kd1 Rxd6+ 29. Nxd6 Qxd6+ 30. Kc2 Qd2+ 31. Kb3 Qxe2 32. Qf6+ Ke8 33. Qg6+ Ke7 34. Qg7+ Kd6 35. Qf8+ Kc7 36. Rf1 Qd3+ 0-1

[Event "Late-Titled-Tuesday-Blitz-January-16-2024"]
[Site "Chess.com"]
[Date "2024.01.16"]
[Round "3"]
[White "SipkeErnst"]
[Black "Angry_Twin"]
[Result "0-1"]
[WhiteElo "2675"]
[BlackElo "2965"]
[TimeControl "180+1"]
[EndTime "14:27:14 PST"]
[Termination "Angry_Twin won on time"]

1. d4 Nf6 2. c4 e6 3. g3 d5 4. Nf3 Bb4+ 5. Bd2 Be7 6. Bg2 O-O 7. O-O Nbd7 8. Qc2 c6 9. Rd1 b6 10. Bf4 Ba6 11. Ne5 Rc8 12. Nc3 Bxc4 13. Nxc4 dxc4 14.
e4 b5 15. a4 Qb6 16. axb5 cxb5 17. e5 Ng4 18. h3 Nh6 19. d5 Nc5 20. d6 Bd8 21. Bxh6 gxh6 22. Ne4 Nxe4 23. Bxe4 Rc5 24.
Re1 Kg7 25. Bf3 f6 26. exf6+ Rxf6 27. Bg4 Rg5 28. Re2 e5 29. Kg2 Qxd6 30. Rd1 Qc6+ 31.
Qe4 Qxe4+ 32. Rxe4 Bb6 33. Rd7+ Rf7 34. Rxf7+ Kxf7 35.
h4 Rg7 0-1

[Event "Late-Titled-Tuesday-Blitz-January-16-2024"]
[Site "Chess.com"]
[Date "2024.01.16"]
[Round "3"]
[White "IlanSchnaider"]
[Black "jmpion"]
[Result "1-0"]
[WhiteElo "2806"]
[BlackElo "2523"]
[TimeControl "180+1"]
[EndTime "14:27:14 PST"]
[Termination "IlanSchnaider won by checkmate"]

1. e4 e5 2. Nf3 Nc6 3. d4 exd4 4. Nxd4 Nf6 5. Nxc6 bxc6 6. e5 Qe7 7. Qe2 Nd5 8. h4 g6 9. c4 Ba6 10. Qe4 f5 11. Qd4 Nb4 12. Na3 Bg7 13. Bd2 Bxe5 14.
Qe3 c5 15. O-O-O Rb8 16. Kb1 O-O 17. Re1 Rfe8 18. h5 f4 19. Qh3 Qg7 20. Nb5 Bxb2 21. Bd3 Nxd3 22. Qxd3 Bxb5 23. cxb5 c6 24. hxg6 Rxb5 25.
Rxe8+ Qf8 26. Rxf8+ Kxf8 27. Qxb5 cxb5 28. Kxb2 hxg6 29.
Bxf4 Kg7 30. Bg5 Kf7 31. f4 c4 32. Kc3 d5 33. a3 Ke6 34. Kd4 Kd6 35. Rh6 a5 36.
Rxg6+ Kc7 37. Kxd5 Kb7 38. Kc5 a4 39. Kxb5 c3 40.
Rc6 c2 41. Rxc2 Ka7 42. Rc7+ Ka8 43. Kb6 Kb8 44. Rc6 Ka8 45. Rc8# 1-0

[Event "Late-Titled-Tuesday-Blitz-January-16-2024"]
[Site "Chess.com"]
[Date "2024.01.16"]
[Round "3"]
[White "Lion-Al-Messi"]
[Black "cthulhuuu"]
[Result "0-1"]
[WhiteElo "2599"]
[BlackElo "2444"]
[TimeControl "180+1"]
[EndTime "14:27:14 PST"]
[Termination "cthulhuuu won by resignation"]

1. e4 d6 2. d4 Nf6 3. Nc3 c6 4. Nf3 Bg4 5. Be2 e6 6. O-O d5 7. e5 Nfd7 8. h3 Bxf3 9. Bxf3 c5 10. Re1 Be7 11. Nb5 cxd4 12. Nxd4 Nc6 13. Bf4 Nxd4 14. Qxd4 Rc8 15. Qxa7 Rxc2 16. Qxb7 O-O 17. Rec1 Nc5 18. Qb5 Qb8 19. Qxb8 Rxc1+ 20. Rxc1 Rxb8 21. Bg5 Nd3 22. Rd1 Nxb2 23. Bxe7 Nxd1 24. Bd6 Rb1 25. Kh2 Nxf2 26. a3 d4 27. Kg3 Nd3 28. Be4 Rb3 29. Kh2 Nb2 30. Bb4 d3 31. Kg1 Nc4 32. Kf2 Nxa3 33. Bd2 Nc4 34. Be3 Rb2+ 35. Kf3 d2 0-1

[Event "Late-Titled-Tuesday-Blitz-January-16-2024"]
[Site "Chess.com"]
[Date "2024.01.16"]
[Round "3"]
[White "ImportedItalianMaple"]
[Black "Tejas_Rama"]
[Result "1-0"]
[WhiteElo "2414"]
[BlackElo "2572"]
[TimeControl "180+1"]
[EndTime "14:27:14 PST"]
[Termination "ImportedItalianMaple won on time"]

1. e4 e5 2. Nc3 Nf6 3. Bc4 Nc6 4. d3 Na5 5. Bb3 Bc5 6. Nge2 c6 7. O-O O-O 8. Bg5 h6 9. Bh4 Be7 10. Bg3 d6 11. d4 Nxb3 12. axb3 Nh5 13. Qd3 Nxg3 14. Nxg3 exd4 15. Qxd4 Bf6 16. Qe3 a6 17. f4 Re8 18.
Nh5 Bxc3 19. Qxc3 f6 20. Rae1 Qb6+ 21. Kh1 Qc5 22. Qf3 Kh7 23. c3 Qb5 24. b4 a5 25.
f5 axb4 26. Qg4 Re7 27. Qg6+ Kh8 28. Nxf6 gxf6 29. Qxf6+ Rg7 30. Rf3 Bd7 31. Rg3 Rg8 32. Qxh6+ Rh7 33. Qf6+ 1-0

[Event "Late-Titled-Tuesday-Blitz-January-16-2024"]
[Site "Chess.com"]
[Date "2024.01.16"]
[Round "3"]
[White "LUISMIGUELOV"]
[Black "dosto07"]
[Result "1-0"]
[WhiteElo "2178"]
[BlackElo "2531"]
[TimeControl "180+1"]
[EndTime "14:27:15 PST"]
[Termination "LUISMIGUELOV won by resignation"]

1. d4 Nf6 2. c3 g6 3. Bg5 Bg7 4. Nd2 d6 5. e4 Nbd7 6. f4 O-O 7.
Ngf3 c5 8. d5 a6 9. a4 Rb8 10.
Be2 h6 11. Bxf6 Nxf6 12. h3 Nh5 13. f5 Ng3 14. Rg1 gxf5 15. exf5 Bxf5 16. Kf2 Nxe2 17. Qxe2 b5 18. a5 e6 19. g4 Bh7 20. dxe6 fxe6 21. Qxe6+ Kh8 22. Rae1 Qf6 23. Qxf6 Bxf6 24. Ne4 Bh4+ 25. Ng3 Rf7 26. Kg2 Bxg3 27. Kxg3 Rbf8 28. Nh4 d5 29. Re6 Rf6 30. Rxf6 Rxf6 31. Re1 Be4 32. Nf5 Bxf5 33. Rf1 Kg7 34. gxf5 Rd6 35. Kf4 Kf6 36. Rg1 Kf7 37. Ke5 Rd8 38. Rg6 d4 39. cxd4 cxd4 40.
Rg2 d3 41. Rd2 Rd7 42. b4 Rd8 43. h4 Rd7 44. h5 Rd8 45. Ke4 Kf6 46. Rxd3 Rxd3 47.
Kxd3 Kxf5 48. Kd4 Kg5 49. Kc5 Kxh5 50. Kb6 Kg4 51. Kxa6 h5 52. Kxb5 h4 53. a6 h3 54.
a7 h2 55. a8=Q Kg3 56. Qh1 1-0

[Event "Late-Titled-Tuesday-Blitz-January-16-2024"]
[Site "Chess.com"]
[Date "2024.01.16"]
[Round "3"]
[White "WindWhistler11"]
[Black "TheCount"]
[Result "0-1"]
[WhiteElo "2443"]
[BlackElo "2618"]
[TimeControl "180+1"]
[EndTime "14:27:16 PST"]
[Termination "TheCount won on time"]

1. Nf3 Nf6 2. a3 b5 3. b4 Bb7 4. e3 g6 5. Bxb5 Bg7 6. Bb2 O-O 7. Be2 a5 8. b5 a4 9. c4 c6 10. Nc3 cxb5 11. cxb5 Qa5 12. O-O d6 13. d4 Nbd7 14. Nd2 Nb6 15. Rc1 Rfc8 16. Bf3 Bxf3 17. Qxf3 Ra7 18.
Nce4 Rac7 19. Rxc7 Rxc7 20. Nxf6+ Bxf6 21. Ne4 Qxb5 22.
Nxf6+ exf6 23. Ba1 f5 24. e4 fxe4 25. Qxe4 Nd5 26.
h4 h5 27. Rb1 Qc4 28. Rb8+ Kg7 29. Kh2 Re7 30. Qf3 Nf6 31. d5 Qxh4+ 32. Qh3 Qxf2 33. Rb4 Kh7 34. Qc3 Ng4+ 35. Kh3 Re3+ 0-1

[Event "Late-Titled-Tuesday-Blitz-January-16-2024"]
[Site "Chess.com"]
[Date "2024.01.16"]
[Round "3"]
[White "SmirnovTimofey2000"]
[Black "laskakid"]
[Result "0-1"]
[WhiteElo "1983"]
[BlackElo "2316"]
[TimeControl "180+1"]
[EndTime "14:27:16 PST"]
[Termination "laskakid won by checkmate"]

1. e4 e5 2. Nf3 Nc6 3. Bc4 Nf6 4. Ng5 d5 5. exd5 Na5 6. Bb5+ c6 7. dxc6 bxc6 8. Bd3 Nd5 9. Ne4 Nf4 10. Be2 Nxg2+ 11. Kf1 Bh3 12. Kg1 f5 13. Ng3 Nh4 14. d3 f4 15. Ne4 Bg2 16. Nbd2 Qd7 17. Nf3 Bxh1 18.
Nxh4 Bxe4 19. Bg4 Qd6 20. dxe4 Qxd1+ 21. Bxd1 O-O-O 22. Bg4+ Kc7 23. b4 Bxb4 24. Bb2 Rhe8 25. Nf3 Nc4 26. Rb1 Nxb2 27. Rxb2 Bc5 28. Rb1 Rb8 29.
Rd1 Red8 30. Rxd8 Rxd8 31. Nxe5 Rd2 32. Nd3 Rxc2 33. Kg2 Bd4 34. a4 c5 35. Kf3 c4 36.
Nb4 Rxf2# 0-1